cohdb
Replays
Latest Replays
All Replays
Popular Replays
Top Player Replays
Match Explorer
How It Works
Community
CoH3 Stats
Reddit
Sign in to upload your games and track your stats! →
Sign in with Steam
Match 41317431
Unlisted
Match 41317431
Overview
Messages
Build Orders
End
Vickers Machine Gun Team
Selects Australian Defense Battlegroup
Selects Australian Light Infantry Section
Australian Light Infantry Section
Construct Section Command Post
Dingo Light Scout Car
Selects Defensive Tactics
Royal Engineer Section
Construct Platoon Command Post
6-pounder Anti-tank Gun Team
Construct Company Command Post
Selects CMP 15cwt Supply Run
CMP 15cwt Supply Run
Selects Reinforced Resource Caches
Crusader II Medium Tank
shoo ed
max7716
DrogFather
Jd577
|Fury| Ry
dalailammer
baydounkhalil1
Shmail
0
0
Comments
sign in to comment!
No comments posted yet!